 Dungeon Crawl Stone Soup version 0.21-a0-426-g98080a9 (webtiles) character file.

56 theanonym the Magician (level 3, 0/24 HPs)
             Began as a Mummy Ice Elementalist on Nov 6, 2017.
             Slain by an adder (1 damage)
             ... on level 1 of the Dungeon.
             The game lasted 00:04:21 (1732 turns).

theanonym the Magician (Mummy Ice Elementalist)     Turns: 1732, Time: 00:04:21

Health: 0/24       AC:  3    Str: 11    XL:     3   Next: 69%
Magic:  0/8        EV: 12    Int: 15    God:
Gold:   19         SH:  0    Dex: 12    Spells: 3/9 levels left

rFire    . . .     SeeInvis .   h - -1 dagger (curse)
rCold    . . .     Gourm    .   (no shield)
rNeg     + + +     Faith    .   a - +0 robe
rPois    ∞         Spirit   .   (no helmet)
rElec    .         Reflect  .   (no cloak)
rCorr    .         Harm     .   f - +0 pair of gloves
MR       .....                  (no boots)
Stlth    ++........             (no amulet)
HPRegen  0.08/turn              c - ring of fire
MPRegen  0.11/turn              (no ring)

@: very slightly contaminated
A: no food or potions, fire vulnerability, cold resistance 1, negative energy
resistance 3, torment resistance, unbreathing
a: no special abilities


Innate Abilities, Weirdness & Mutations

You do not eat or drink.
Your flesh is vulnerable to fire.
You are immune to poison.
Your flesh is cold resistant. (rC+)
You are immune to negative energy. (rN+++)
You are immune to unholy pain and torment.
You can survive without breathing.


   Skills:
 - Level 1.5 Dodging
 - Level 1.5 Stealth
 + Level 3.8 Spellcasting
 + Level 1.5 Conjurations
 + Level 3.0 Ice Magic


You had 3 spell levels left.
You knew the following spells:

 Your Spells              Type           Power        Failure   Level  Hunger
a - Freeze                Ice            ##..         5%          1    N/A
b - Throw Frost           Conj/Ice       #.....       11%         2    N/A
g - Ozocubu's Armour      Chrm/Ice       #.......     28%         3    N/A

Skill      XL: |  1  2  3 |
---------------+----------+-----
Spellcasting   | 3 |  3.8
Conjurations   | 1 |  1.5
Ice Magic      | 3 |  3.0
Dodging        | |  1.5
Stealth        | |  1.5

Action                   || total
-------------------------++-------
Melee: Unarmed           ||     3
       Dagger            ||    12
 Cast: Freeze            ||    65
       Ozocubu's Armour  ||     1
  Use: Scroll            ||     4
Armor: Robe              ||    26
Dodge: Dodged            ||    56

Inventory:

Hand Weapons
 e - a +1 dagger
   (You took it off a goblin on level 1 of the Dungeon)
 h - a cursed -1 dagger (weapon)
   (You took it off a kobold on level 1 of the Dungeon)
Armour
 a - a +0 robe (worn)
 f - a +0 pair of gloves (worn)
   (You found it on level 1 of the Dungeon)
Jewellery
 c - a ring of fire (left hand)
   (You found it on level 2 of the Dungeon)
Scrolls
 r - a scroll of identify
Books
 b - a book of Frost

   Spells                             Type                      Level
   a - Freeze                         Ice                          1
   b - Throw Frost                    Conjuration/Ice              2
   c - Ozocubu's Armour               Charms/Ice                   3
   d - Throw Icicle                   Conjuration/Ice              4
   e - Summon Ice Beast               Ice/Summoning                4

Dungeon Overview and Level Annotations

Branches:
Dungeon (2/15)

Altars:

Annotations:
D:2 Jessica


You were on level 1 of the Dungeon.
You were not hungry.

You visited 1 branch of the dungeon, and saw 2 of its levels.

You collected 19 gold pieces.


Message History

You freeze the goblin.
The leopard gecko hisses angrily.
The goblin hits you but does no damage. The giant cockroach closely misses you.
You now have 7/8 mp.
MP restored: 8 Health restored: 24 The giant cockroach waves its antennae.
The giant cockroach waves its antennae.
The giant cockroach barely misses you.
There is a stone staircase leading up here.
Aim: a goblin, wielding a dagger You freeze the goblin.
The goblin hits you with a dagger.
You take 4 damage, and have 20/24 hp.
You now have 7/8 mp.
You miscast Ozocubu's Armour.
You are very lightly contaminated with residual magic.
You feel a strange surge of energy! The goblin hits you with a dagger.
You take 2 damage, and have 18/24 hp.
You now have 4/8 mp.
Aim: a goblin, wielding a dagger (severely wounded)
You freeze the goblin.
You kill the goblin!
* * * LOW MAGIC WARNING * * *
The giant cockroach barely misses you.
You now have 3/8 mp.
Aim: a giant cockroach (clinging)
You freeze the giant cockroach.
* * * LOW MAGIC WARNING * * *
The giant cockroach misses you.
You now have 2/8 mp.
Aim: a giant cockroach (moderately wounded, clinging)
You freeze the giant cockroach.
* * * LOW MAGIC WARNING * * *
The giant cockroach misses you.
You now have 1/8 mp.
Aim: a giant cockroach (almost dead, clinging)
You freeze the giant cockroach.
You kill the giant cockroach!
* * * LOW MAGIC WARNING * * *
The adder barely misses you.
You now have 0/8 mp.
The adder barely misses you. The adder bites you.
You climb upwards.
There is a stone staircase leading down here.
You take 1 damage, and have 17/24 hp.
The adder bites you but does no damage. The adder bites you.
You take 2 damage, and have 15/24 hp.
The adder bites you.
You take 1 damage, and have 14/24 hp.
The adder bites you. The adder barely misses you.
You see here a jackal skeleton.
You take 1 damage, and have 13/24 hp.
The adder barely misses you.
You miss the adder. The adder closely misses you.
You barely miss the adder. The adder misses you.
You barely miss the adder. The adder bites you.
* * * LOW HITPOINT WARNING * * *
You take 2 damage, and have 11/24 hp.
Okay, then.
You don't have any unidentified items.
Unknown command.
You aren't carrying any items that you can evoke.
Unknown command.
Aim: an adder You freeze the adder.
The adder seems to slow down.
* * * LOW MAGIC WARNING * * *
The adder closely misses you.
You now have 0/8 mp.
You hit the adder. The adder bites you.
* * * LOW HITPOINT WARNING * * *
You take 1 damage, and have 10/24 hp.
You barely miss the adder. The adder barely misses you.
You miss the adder. The adder bites you but does no damage.
Aim: an adder (severely wounded, slow)
You freeze the adder.
You kill the adder!
* * * LOW MAGIC WARNING * * *
You now have 0/8 mp.
You hit the adder. The adder barely misses you. The adder bites you.
* * * LOW HITPOINT WARNING * * *
You take 4 damage, and have 6/24 hp.
The adder closely misses you.
Aim: an adder You miscast Freeze.
Nothing appears to happen.
* * * LOW MAGIC WARNING * * *
The adder barely misses you. The adder closely misses you.
You now have 0/8 mp.
The adder bites you.
* * * LOW HITPOINT WARNING * * *
You take 3 damage, and have 4/24 hp.
The adder closely misses you. The adder barely misses you. The adder bites you.
* * * LOW HITPOINT WARNING * * *
You take 4 damage, and have 1/24 hp.
Aim: an adder You freeze the adder.
* * * LOW MAGIC WARNING * * *
The adder closely misses you.
You now have 0/8 mp.
The adder bites you.
You die...

#.####.........#.##..###..#...##w
.#............................##.
#.##.......#####.###.####.#......
^####......## #.# #..###.......#
.# ##.##...####.# ##..###.......
.### #...........#####.###.......
...####..###.##......#.......#...
##..............S................
##...#.#####...@............#...
#.#.)..####..........>.........
#..#.....##....................
##.#.)##.##.....!..............
###......................##.##...
......................#.....##...
#...........##........#.#....#...
!.#.........#.........)......#.!.
............#..........#.....#.^.


You could see an adder.

Notes
Turn   | Place    | Note
-------+----------+-------------------------------------------
     0 | D:1      | theanonym the Mummy Ice Elementalist began the quest for the Orb.
     0 | D:1      | Reached XP level 1. HP: 13/13 MP: 4/4
    98 | D:1      | Reached skill level 3 in Spellcasting
    98 | D:1      | HP: 6/13 [goblin/dagger (1)]
   365 | D:1      | Reached XP level 2. HP: 18/19 MP: 0/6
   442 | D:1      | Learned a level 2 spell: Throw Frost
   693 | D:1      | Reached skill level 1 in Conjurations
  1131 | D:2      | Noticed Jessica
  1149 | D:1      | HP: 8/19 [jackal (2)]
  1150 | D:1      | Reached XP level 3. HP: 10/24 MP: 1/8
  1155 | D:1      | Learned a level 3 spell: Ozocubu's Armour
  1330 | D:1      | HP: 7/24 [worm (12)]
  1541 | D:2      | Reached skill level 3 in Ice Magic
  1704 | D:1      | HP: 11/24 [adder (2)]
  1710 | D:1      | HP: 6/24 [adder (4)]
  1720 | D:1      | HP: 4/24 [adder (3)]
  1729 | D:1      | HP: 1/24 [adder (4)]
  1732 | D:1      | Slain by an adder

Vanquished Creatures
  2 adders
  2 dart slugs
  A leopard gecko (D:1)
  3 giant cockroaches
  5 goblins
  2 hobgoblins
  5 jackals (D:1)
  4 bats
  A frilled lizard (D:1)
  2 kobolds (D:1)
  5 rats
32 creatures vanquished.
